Map: Base du roi Sejong EC

Players

OzyMandiaS

  • Race: Terran Terran
  • League: Diamond

Worming - Winner!

  • Race: Zerg Zerg
  • League: Diamond

VOD

Have the link to the VOD?

Description

Time

  • Played on: Oct. 14, 2016, 2:43 p.m.
  • Length: 13:49
Show
View Real Time Build Order
Export as new Build Order

OzyMandiaS Terran 

Build Orders: Reaper Expand, Mech 

Get SALT Encoding   

  12  0:01  SCV  
  13  0:13  SCV  
  14  0:18  Supply Depot  
  14  0:25  SCV  
  15  0:31  Refinery  
  15  0:39  SCV  
  16  0:46  Barracks  
  16  0:51  SCV  
  17  1:03  SCV  
  18  1:16  SCV  
  19  1:33  Orbital Command, Reaper  
  20  1:44  Command Center  
  20  1:54  Factory  
  20  1:58  SCV  
  21  2:05  Supply Depot  
  21  2:08  Barracks Reactor  
  21  2:12  SCV  
  22  2:24  SCV  
  23  2:42  Command Center  
  23  2:44  SCV  
  23  2:45  Refinery  
  24  2:52  Factory Tech Lab, Marine x2  
  26  3:02  Orbital Command  
  26  3:15  SCV  
  27  3:20  Marine x2  
  27  3:21  Starport  
  29  3:30  SCV x2  
  29  3:34  Siege Tank  
  34  3:39  Marine x2  
  36  3:43  SCV  
  36  3:46  SCV  
  38  3:52  Supply Depot  
  38  3:54  SCV  
  39  3:55  SCV  
  39  3:57  Marine  
  38  4:04  Marine  
  38  4:08  SCV x2  
  38  4:09  Orbital Command  
  41  4:12  Medivac  
  43  4:20  Supply Depot, SCV  
  43  4:24  Marine x2, SCV  
  47  4:32  SCV  
  47  4:33  Siege Tank  
  47  4:35  SCV  
  47  4:36  SCV  
  53  4:40  Supply Depot  
  53  4:42  Refinery  
  53  4:43  Refinery  
  53  4:44  Medivac  
  53  4:45  SCV  
  56  4:48  Marine x2  
  58  4:59  SCV x2  
  60  5:01  SCV  
  60  5:05  Engineering Bay, Marine x2  
  63  5:11  SCV x2  
  63  5:13  SCV  
  65  5:23  Marine x2  
  67  5:38  SCV x2  
  69  5:54  Barracks Tech Lab, Factory  
  69  5:55  Starport Reactor, Siege Tank, Factory  
  69  5:56  SCV x3  
  75  6:12  Supply Depot  
  69  6:21  Liberator x2  
  67  6:26  SCV x2  
  67  6:27  SCV  
  67  6:30  Infernal Pre-Igniter, Siege Tank  
  79  6:42  Command Center  
  79  6:45  Orbital Command  
  79  6:54  Orbital Command, Supply Depot x2  
  79  6:55  Supply Depot  
  79  6:56  Hellion x3  
  79  6:57  SCV  
  79  6:58  SCV  
  87  7:02  Factory  
  87  7:04  Liberator x2, Factory  
  87  7:06  Supply Depot x2  
  87  7:09  SCV  
  88  7:20  SCV x2  
  100  7:30  Hellion x2  
  100  7:33  Missile Turret  
  100  7:37  SCV  
  100  7:38  Supply Depot, SCV x2  
  100  7:39  Missile Turret, Supply Depot  
  103  7:49  Factory Reactor, SCV  
  103  7:50  Factory Tech Lab, SCV  
  105  7:53  SCV  
  105  7:56  Sensor Tower  
  106  7:58  SCV  
  106  8:02  SCV x2  
  106  8:04  Refinery, Hellion, Siege Tank x2  
  106  8:05  Hellion  
  119  8:08  Refinery  
  119  8:26  Liberator x2  
  116  8:31  SCV x3  
  119  8:36  Command Center  
  119  8:43  SCV x3  
  119  8:44  Hellion x2  
  119  8:46  Siege Tank x3  
  119  8:47  Hellion  
  143  9:07  SCV x2  
  145  9:15  Hellion  
  147  9:18  Siege Tank x2  
  147  9:21  Missile Turret x2  
  147  9:23  Hellion x4  
  161  9:25  SCV x2  
  161  9:26  Liberator  
  161  9:31  Liberator  
  163  9:43  Armory x2  
  164  9:59  Missile Turret  
  164  10:04  Hellion x3  
  136  10:11  Supply Depot x2  
  136  10:12  Supply Depot  
  133  10:28  Hellion x5  
  137  10:29  Hellion  
  139  10:38  Terran Vehicle Weapons Level 1, Terran Vehicle And Ship Armor Level 1  
  139  10:43  Refinery  
  139  10:53  Thor  
  139  10:54  Thor x2, Widow Mine x4  
  162  10:58  SCV x2  
  162  10:59  SCV  
  165  11:08  Drilling Claws  
  162  11:13  Orbital Command  
  162  11:16  Planetary Fortress  
  158  11:29  Widow Mine  
  158  11:31  SCV x2  
  162  11:36  Refinery, Thor x2  
  162  11:37  Thor  
  151  12:03  Hellbat x2  
  151  12:04  Hellbat  
  151  12:07  Hellbat  
  153  12:19  Siege Tank  
  153  12:20  Hellbat, Siege Tank  
  161  12:25  Hellbat x3  
  161  12:26  SCV x2  
  161  12:28  Hellbat  
  171  12:41  Hellbat, Missile Turret  
  169  12:46  Hellbat  
  169  12:49  Missile Turret  
  169  12:51  Siege Tank, Hellbat x2, Missile Turret  
  175  12:52  Siege Tank  
Show
View Real Time Build Order
Export as new Build Order

Worming Zerg - Winner!

Build Orders: Hatch First 

Get SALT Encoding   

  12  0:01  Drone  
  13  0:12  Overlord  
  13  0:17  Drone  
  14  0:30  Drone x2  
  14  0:35  Drone  
  17  0:52  Hatchery  
  17  0:55  Drone  
  17  0:58  Drone  
  18  1:07  Extractor  
  17  1:14  Spawning Pool  
  17  1:17  Drone  
  17  1:20  Drone  
  18  1:28  Drone  
  19  1:38  Drone  
  20  1:50  Overlord  
  20  2:00  Queen  
  22  2:04  Queen  
  22  2:05  Zergling x4  
  26  2:14  Metabolic Boost, Drone  
  27  2:25  Drone x2  
  29  2:50  Drone x5  
  34  2:57  Overlord  
  34  3:02  Drone  
  35  3:09  Zergling x2  
  36  3:19  Drone x6  
  41  3:28  Zergling x4  
  41  3:31  Hatchery  
  41  3:33  Overlord  
  42  3:37  Drone  
  43  3:42  Overlord  
  43  3:47  Drone  
  44  3:51  Queen  
  44  3:54  Evolution Chamber  
  45  3:56  Evolution Chamber  
  45  4:00  Drone x6  
  47  4:15  Baneling Nest, Extractor  
  47  4:16  Extractor  
  44  4:20  Queen  
  44  4:21  Drone x3  
  44  4:23  Drone x3, Extractor  
  51  4:24  Drone x2  
  51  4:25  Drone  
  51  4:28  Zerg Melee Weapons Level 1  
  54  4:34  Zerg Ground Armor Level 1  
  54  4:46  Drone x3  
  54  4:49  Overlord  
  54  4:50  Overlord x2  
  57  4:54  Drone x3  
  60  5:09  Drone x7  
  67  5:21  Zergling x8  
  68  5:23  Lair  
  68  5:27  Overlord  
  71  5:31  Spore Crawler x2  
  71  5:34  Spore Crawler, Hatchery  
  67  5:41  Zergling x12  
  73  5:44  Overlord  
  73  6:08  Queen x2  
  67  6:25  Zerg Melee Weapons Level 2  
  67  6:26  Centrifical Hooks  
  67  6:30  Drone x11, Infestation Pit  
  67  6:31  Extractor x2  
  75  6:34  Queen  
  77  6:44  Queen  
  77  6:48  Drone x10  
  87  7:07  Drone  
  88  7:09  Overlord x6  
  87  7:28  Drone x10  
  87  7:29  Drone  
  98  7:30  Extractor  
  98  7:31  Extractor  
  98  7:34  Hive  
  98  7:35  Zerg Ground Armor Level 2  
  96  7:43  Zergling x18  
  103  7:51  Pathogen Glands  
  103  7:55  Spore Crawler  
  103  7:56  Spore Crawler x2  
  103  7:58  Pneumatized Carapace  
  90  8:13  Drone x14  
  96  8:33  Spire  
  95  8:34  Drone x3  
  95  8:35  Drone x3  
  95  8:39  Zergling x22  
  112  8:43  Baneling x13  
  112  8:51  Drone x2  
  112  8:54  Zerg Melee Weapons Level 3  
  114  8:57  Ultralisk Cavern  
  114  8:58  Adrenal Glands  
  113  9:07  Zergling x8  
  113  9:08  Zergling x10  
  120  9:21  Hatchery  
  117  9:43  Chitinous Plating  
  117  9:45  Ultralisk x3  
  135  9:47  Overlord x3  
  135  9:48  Overlord  
  114  10:07  Corruptor  
  114  10:08  Corruptor x3  
  120  10:18  Baneling x7  
  117  10:22  Zerg Ground Armor Level 3  
  117  10:26  Drone x7  
  120  10:45  Extractor  
  120  10:46  Spore Crawler, Extractor  
  120  10:47  Spore Crawler  
  116  10:53  Greater Spire  
  115  10:58  Spire  
  106  11:06  Drone x8  
  106  11:07  Drone x2  
  114  11:11  Spine Crawler  
  114  11:12  Spine Crawler  
  114  11:17  Drone x3  
  114  11:18  Drone x3  
  118  11:24  Ultralisk x2  
  127  11:44  Hatchery  
  107  11:56  Corruptor x4  
  107  11:58  Zergling x14, Ultralisk x2  
  126  12:13  Drone x3  
  129  12:26  Corruptor x3  
  129  12:27  Corruptor x2  
  139  12:33  Brood Lord x4  
  122  13:15  Brood Lord  
  122  13:17  Brood Lord x2, Corruptor x4  
  144  13:26  Overseer  
Tags
 
Add a new tag
Caveats
  • Supply blocks, unpowered buildings, or Contaminate may cause inaccurate times.
  • Supply counts are checked every 10 seconds.